Map: Ulrena

Players

Artunela

  • Race: Terran Terran
  • League: Gold
  • Spawn Location: 7:00

zidar - Winner!

  • Race: Zerg Zerg
  • League: Gold
  • Spawn Location: 11:00

VOD

Have the link to the VOD?

Description

Time

  • Played on: June 29, 2016, 12:32 p.m.
  • Length: 14:09
Show
View Real Time Build Order
Export as new Build Order

Artunela Terran 

Build Orders:  

Get SALT Encoding   

  12  0:01  SCV  
  13  0:13  SCV  
  14  0:21  Supply Depot  
  14  0:25  SCV  
  15  0:30  Refinery  
  15  0:43  SCV  
  15  0:45  Barracks  
  16  0:55  SCV  
  17  1:03  Supply Depot  
  17  1:07  SCV  
  18  1:11  Refinery  
  18  1:28  SCV  
  19  1:33  Marine  
  20  1:40  Orbital Command  
  20  1:44  Factory  
  20  1:53  Marine  
  21  2:06  Factory  
  21  2:07  SCV  
  22  2:19  SCV  
  23  2:29  Factory Tech Lab  
  23  2:38  Starport  
  23  2:47  SCV  
  24  2:56  Siege Tank  
  27  3:05  Command Center  
  27  3:06  Factory Reactor  
  27  3:17  Viking  
  29  3:21  SCV  
  30  3:29  Supply Depot  
  30  3:32  Supply Depot  
  30  3:51  Hellion, Siege Tank  
  30  3:55  Hellion  
  37  4:07  SCV  
  38  4:11  Armory  
  38  4:23  SCV  
  39  4:47  Orbital Command  
  39  5:00  SCV  
  39  5:05  Hellbat x2  
  39  5:06  Starport Reactor  
  44  5:07  Siege Tank  
  44  5:09  Terran Vehicle Weapons Level 1  
  44  5:12  SCV  
  48  5:22  SCV  
  48  5:25  SCV  
  50  5:32  Hellbat x2  
  50  5:34  SCV  
  55  5:39  Siege Tank  
  55  5:42  SCV  
  59  5:46  SCV  
  59  5:49  Refinery  
  60  5:51  Refinery  
  60  5:52  Viking  
  62  5:58  Supply Depot  
  62  6:04  Supply Depot x2  
  62  6:06  Engineering Bay  
  62  6:20  Viking, SCV x2  
  66  6:28  Viking  
  68  6:42  Thor  
  68  6:44  Hellbat x2  
  78  6:48  SCV x2  
  80  7:00  SCV x2  
  82  7:03  Terran Vehicle And Ship Armor Level 1  
  76  7:55  Hellbat x2  
  76  7:56  Thor  
  86  8:03  Missile Turret  
  86  8:06  Missile Turret  
  86  8:11  Missile Turret  
  86  8:12  Missile Turret  
  86  8:18  Hi-Sec Auto Tracking  
  86  8:20  Missile Turret  
  86  8:22  Missile Turret  
  86  8:26  Missile Turret  
  86  8:31  Supply Depot  
  86  8:45  Supply Depot  
  86  8:47  Supply Depot  
  86  8:52  Viking x2  
  86  8:53  SCV x2  
  86  8:54  Supply Depot  
  92  8:57  Terran Vehicle Weapons Level 2  
  92  9:05  SCV x2  
  92  9:07  Supply Depot  
  94  9:10  Supply Depot  
  94  9:17  SCV x2  
  94  9:18  Command Center  
  94  9:22  Missile Turret  
  96  9:26  Factory  
  96  9:33  Factory  
  96  9:36  Neosteel Armor  
  96  9:42  Missile Turret  
  96  9:44  Viking x2  
  100  9:51  Hellbat x2  
  65  11:10  Factory Reactor  
  61  11:12  Factory Tech Lab, Factory  
  59  11:29  Command Center  
  59  11:35  Missile Turret x2  
  59  11:38  Missile Turret  
  59  11:39  Missile Turret x2  
  59  11:48  Command Center, Thor  
  59  11:52  Missile Turret  
  65  11:55  Hellbat x3  
  65  11:56  Hellbat  
  65  11:57  Factory Tech Lab  
  65  11:58  Missile Turret x2  
  65  11:59  Thor  
  79  12:01  Missile Turret  
  79  12:09  Viking  
  81  12:20  Refinery  
  81  12:21  Missile Turret  
  81  12:26  Supply Depot  
  81  12:32  Missile Turret  
  81  12:49  Orbital Command  
  80  13:08  Siege Tank  
  80  13:10  Siege Tank  
  86  13:13  Siege Tank  
  86  13:14  Hellbat x3  
  86  13:15  Hellbat  
  86  13:19  Orbital Command  
  97  13:25  SCV x3  
  83  13:37  SCV x2  
Show
View Real Time Build Order
Export as new Build Order

zidar Zerg - Winner!

Build Orders: Hatch First, Muta Ling Bane 

Get SALT Encoding   

  12  0:02  Drone  
  13  0:13  Overlord  
  13  0:17  Drone  
  14  0:31  Drone x2  
  16  0:50  Hatchery  
  16  0:52  Drone  
  16  0:57  Extractor, Drone  
  16  1:14  Spawning Pool  
  15  1:19  Drone  
  15  1:23  Drone  
  15  1:25  Drone  
  18  1:37  Drone  
  19  1:45  Overlord  
  19  2:01  Queen  
  19  2:02  Queen  
  19  2:05  Metabolic Boost  
  23  2:13  Zergling x4  
  25  2:22  Drone x2  
  27  2:28  Baneling Nest  
  26  2:30  Drone  
  27  2:46  Zergling x8  
  27  2:47  Zergling x2  
  32  3:37  Pneumatized Carapace  
  31  4:00  Overlord x5  
  31  4:05  Lair  
  31  4:45  Drone  
  31  4:46  Drone x13  
  45  5:01  Extractor  
  45  5:04  Centrifical Hooks  
  44  5:11  Drone x2  
  46  5:16  Extractor  
  46  5:17  Drone x2  
  46  5:18  Drone x2  
  46  5:19  Extractor, Drone  
  46  5:21  Drone  
  50  5:45  Drone x2  
  52  5:53  Spire  
  51  6:07  Overlord x2  
  51  6:08  Overlord x2  
  51  6:10  Zergling x14  
  51  6:11  Zergling x2  
  58  6:13  Baneling x6  
  58  6:20  Zergling x2  
  59  6:31  Hatchery  
  58  6:37  Spore Crawler  
  57  6:49  Evolution Chamber  
  57  6:52  Evolution Chamber  
  55  7:04  Queen  
  55  7:07  Drone x2  
  55  7:08  Drone  
  60  7:13  Mutalisk  
  60  7:14  Mutalisk x7  
  76  7:19  Zergling x2  
  76  7:20  Zergling x6  
  80  7:25  Zerg Flyer Weapons Level 1  
  80  7:27  Drone  
  81  7:32  Zerg Melee Weapons Level 1  
  79  7:54  Zerg Ground Armor Level 1  
  79  8:03  Drone x2  
  81  8:06  Overlord x5  
  81  8:28  Infestation Pit  
  80  8:36  Overseer  
  80  8:39  Zergling x2  
  80  8:40  Zergling x24  
  93  8:42  Drone  
  93  8:45  Drone x2  
  96  9:01  Baneling x5  
  96  9:02  Baneling x8  
  96  9:03  Baneling x15  
  96  9:16  Roach Warren  
  95  9:34  Zerg Missile Weapons Level 1  
  95  9:41  Baneling  
  95  9:44  Drone x2  
  97  9:46  Overlord x11  
  97  10:07  Roach x3  
  97  10:08  Roach x9  
  97  10:13  Zerg Ground Armor Level 2  
  121  10:40  Glial Reconstitution  
  121  10:48  Hatchery  
  81  11:22  Roach x4  
  81  11:23  Roach x11  
  111  11:31  Drone  
  112  11:40  Hive  
  112  11:41  Zerg Missile Weapons Level 2  
  112  11:45  Roach x4  
  120  11:52  Ravager x5  
  125  11:59  Drone x7  
  132  12:17  Queen  
  132  12:22  Roach x9  
  152  12:42  Extractor, Drone x3  
  152  12:43  Drone x4  
  158  12:45  Extractor  
  158  12:50  Roach x7  
  171  12:52  Ravager x3  
Tags
 
Composition
Muta Ling Bane
League
GoldGold
Matchup
TvZ
Spawn Locations
Close Positions
Add a new tag
Caveats
  • Supply blocks, unpowered buildings, or Contaminate may cause inaccurate times.
  • Supply counts are checked every 10 seconds.